 Dungeon Crawl Stone Soup version 0.31.0-1-g2c135a0 (webtiles) character file.

Game seed: 6226120425927062296

8 Vaargak the Trooper (level 2, 27/27 HPs)
             Began as a Minotaur Fighter on Jan 24, 2024.
             Quit the game on level 1 of the Dungeon on Jan 27, 2024.
             The game lasted 00:03:40 (80 turns).

Vaargak the Trooper (Minotaur Fighter)                Turns: 80, Time: 00:03:41

Health: 27/27      AC:  7    Str: 20    XL:     2   Next: 0%
Magic:  1/1        EV:  9    Int:  5    God:
Gold:   0          SH:  4    Dex:  9    Spells: 1/1 levels left

rFire   . . .        a - +0 war axe
rCold   . . .        c - +0 buckler
rNeg    . . .        b - +0 scale mail
rPois   .            (helmet restricted)
rElec   .            (no cloak)
rCorr   .            (no gloves)
SInv    .            (no boots)
Will    .....        (no amulet) Stlth
                     (no ring)
HPRegen 0.24/turn    (no ring)
MPRegen 0.07/turn

%: no passive effects
@: no status effects
A: horns 2, retaliatory headbutt
a: no special abilities


You were on level 1 of the Dungeon.
You visited 1 branch of the dungeon, and saw 1 of its levels.

Inventory:

Hand Weapons
 a - a +0 war axe (weapon)
Armour
 b - a +0 scale mail (worn)
 c - a +0 buckler (worn)
Talismans
 f - a blade talisman
Scrolls
 e - a scroll of identify {unknown}
Potions
 d - a potion of might


   Skills:
 + Level 3.9 Fighting
 + Level 2.5 Axes
 + Level 3.8 Armour
 + Level 3.8 Shields


You had one spell level left.
You didn't know any spells.
Your spell library contained the following spells:

 Spells                   Type           Power      Damage    Failure   Level
 Necrotise                Necr           0%         1d4       88%         1
 Vampiric Draining        Necr           0%         2d6       99%         3
 Martyr's Knell           Necr/Summ      0%         N/A       100%        4
 Curse of Agony           Necr           0%         N/A       100%        5


Dungeon Overview and Level Annotations

Branches:
Dungeon (1/15)

Altars:


Innate Abilities, Weirdness & Mutations

You have a pair of horns on your head.
You reflexively headbutt those who attack you in melee.


Message History

a +0 short sword; 4 stones; a kobold corpse An endoplasm comes into view.
Found a rapier.
You slash the endoplasm!
You kill the endoplasm!
A bat comes into view.
Found 13 gold pieces.
A kobold comes into view. It is wielding a +0 dagger.
The bat closely misses you.
You closely miss the bat.
The kobold shouts!
You block the bat's attack. The bat hits you but does no damage.
You miss the bat. Your headbutt misses the bat. You block the bat's attack.
The bat hits you but does no damage.
You completely miss the bat. The bat closely misses you.
The bat hits you but does no damage. The bat hits you but does no damage.
You slash the kobold!
You kill the kobold!
You completely miss the bat. The bat hits you but does no damage. x2
A goblin comes into view. It is wielding a +0 dagger.
You barely miss the bat.
The goblin shouts!
The bat closely misses you. You block the bat's attack.
The bat barely misses you.
You miss the bat. The bat closely misses you. You furiously retaliate!
You headbutt the bat!
You kill the bat!
You barely miss the goblin. Your headbutt misses the goblin.
The goblin barely misses you.
You barely miss the goblin. You headbutt the goblin.
You kill the goblin!
You have reached level 2!
Unknown command.
No target in view!
Welcome back, Vaargak the Minotaur Fighter.
Press ? for a list of commands and other information.
Unknown command.
No target in view!
Are you sure you want to abandon this character and quit the game? (Confirm with "yes".)

############ .#
........[..####.#
..............#.#
#........)....#$# #+##.
#.#####.####..#.###.....
#†#####.## #..#.........
.........# #...##.......
..####.....##...@)......
### ###....###.).......
# #....##.#...#...
#...##.....# .
....##.#### #...# .#
...# .# .# .#


There were no monsters in sight!

Vanquished Creatures
  A bat (D:1)
  An endoplasm (D:1)
  A goblin (D:1)
  A hobgoblin (D:1)
  2 kobolds (D:1)
6 creatures vanquished.

Notes
Turn   | Place    | Note
-------+----------+-------------------------------------------
     0 | D:1      | Vaargak the Minotaur Fighter began the quest for the Orb.
     0 | D:1      | Reached XP level 1. HP: 19/19 MP: 0/0
    80 | D:1      | Reached XP level 2. HP: 27/27 MP: 1/1
    80 | D:1      | Quit the game

Illustrated notes

Levels and vault maps discovered:
D:1:      heliophobic_arrival_dark_side_of_the_moon, layout_basic

Action                     || total
---------------------------++-------
  Melee: War axe           ||    15
         Headbutt          ||     1
 Armour: Scale mail        ||     9
  Dodge: Dodged            ||     7
  Block: Buckler           ||     5
